 Dungeon Crawl Stone Soup version 0.20.0-10-g0535bb4 (webtiles) character file.

5447 drt the Slasher (level 10, -3/98 HPs)
             Began as a Troll Fighter on June 4, 2017.
             Was a Believer of Trog.
             Slain by a two-headed ogre
             ... wielding a +0 giant club
              (25 damage)
             ... on level 9 of the Dungeon.
             The game lasted 01:11:15 (6818 turns).

drt the Slasher (Troll Fighter)                     Turns: 6818, Time: 01:11:16

Health: -3/98      AC:  5    Str: 31    XL:     10   Next: 41%
Magic:  9/9        EV: 12    Int:  4    God:    Trog [**....]
Gold:   460        SH:  0    Dex: 12    Spells: 9/9 levels left

rFire    + + .     SeeInvis .   Z - +6 triple sword "Leidwog" {vamp, Str+3 Stlth+}
rCold    . . .     Gourm    +   (shield currently unavailable)
rNeg     . . .     Faith    .   b - +0 robe
rPois    +         Spirit   .   (helmet restricted)
rElec    .         Reflect  .   (no cloak)
rCorr    .         Harm     .   (gloves unavailable)
MR       .....                  (boots unavailable)
Stlth    +++.......             (no amulet)
Regen    0.7/turn               k - ring of protection from fire
MPRegen  0.2/turn               V - ring of poison resistance

@: berserk cooldown, slowed, very slow
A: unfitting armour, claws 3, thin skeletal structure 1, fire resistance 1, fast
metabolism 3, gourmand, regeneration 1, shaggy fur 1, tough skin 2, evolution 1
a: Berserk, Trog's Hand, Burn Spellbooks, Renounce Religion


You were on level 9 of the Dungeon.
You worshipped Trog.
Trog was pleased with you.
You were very full.

You visited 3 branches of the dungeon, and saw 12 of its levels.

You collected 460 gold pieces.

Inventory:

Hand Weapons
 a - a +3 flail
 d - a +5 flail
 e - a +0 hand axe
 h - a +0 giant club
 l - a +0 giant spiked club
 m - a +0 shortbow
 x - a +0 giant spiked club
 A - a +3 flail
 C - a +0 giant spiked club
 D - a +0 giant spiked club
 E - a +0 scythe
 F - a cursed -1 mace
 G - a +1 flail
 N - a +0 giant spiked club
 O - a +0 blowgun
 R - a +2 dire flail
 W - a +0 shortbow
 Z - the +6 triple sword "Leidwog" (weapon) {vamp, Str+3 Stlth+}
   (You found it on level 8 of the Dungeon)

   It inflicts no extra harm, but heals its wielder when it wounds a living foe.
   It affects your strength (+3).
   It makes you more stealthy.
Missiles
 i - 145 stones
 j - 16 poisoned needles
 n - a javelin (quivered)
 r - 55 arrows
 z - 45 sling bullets
 H - 18 bolts
Armour
 b - a +0 robe (worn)
 c - a +2 shield
 p - a +0 ring mail
 t - a +0 ring mail
 v - a +0 chain mail
 K - a +1 pair of gloves
 S - a +0 leather armour
 Y - the +3 ring mail of Wiemuin {Str+5, unknown}
   (You found it on level 6 of the Dungeon)

   It affects your strength (+5).
Jewellery
 k - a ring of protection from fire (left claw)
 s - an uncursed ring of positive energy {unknown}
 w - a -6 ring of intelligence
 V - a ring of poison resistance (right claw)
Wands
 U - a wand of acid (5/15)
 X - a wand of flame (17/48)
Scrolls
 o - 3 scrolls of remove curse
 y - a scroll of fog
 B - a scroll of amnesia
 I - 2 scrolls of recharging
Potions
 Q - a potion of haste
Comestibles
 f - 2 bread rations
 g - 5 meat rations
 u - 3 royal jellies


   Skills:
 + Level 6.2 Fighting
 + Level 7.2 Long Blades
 - Level 6.1 Maces & Flails
 - Level 1.6 Throwing
 + Level 6.0 Dodging
 - Level 0.5 Stealth
 - Level 5.0 Shields


You had 9 spell levels left.
You didn't know any spells.

Dungeon Overview and Level Annotations

Branches:
Dungeon (9/15)             Temple (1/1) D:7            Lair (2/6) D:8
  Swamp: Lair:2-4    Shoals: Lair:2-4     Snake: Lair:2-4    Spider: Lair:2-4
    Orc: D:9-12

Altars:
Ashenzari
Dithmenos
Fedhas
Gozag
Kikubaaqudgha
Makhleb
Okawaru
Sif Muna
Trog
Uskayaw
Xom
Yredelemnul
Zin
The Shining One

Shops:
D:6 :%


Innate Abilities, Weirdness & Mutations

You are too large for most types of armour.
You have claws for hands.
Your metabolism is lightning-fast.
You like to eat raw meat.
Your natural rate of healing is unusually fast.
You are covered in fur. (AC +1)
You have very tough skin. (AC +2)
You have a somewhat thin skeletal structure. (Dex +2, Stealth)
Your flesh is heat resistant. (rF+)
You evolve.


Message History

The two-headed ogre hits you with a giant spiked club!
A red film seems to cover your vision as you go berserk!
You feel yourself moving faster!
You feel mighty! The two-headed ogre misses you. x2
You slash the two-headed ogre!
You feel better.
The two-headed ogre is heavily wounded.
The two-headed ogre hits you with a giant club!
The two-headed ogre hits you with a giant spiked club!!
* * * LOW HITPOINT WARNING * * *
The two-headed ogre misses you.
The two-headed ogre hits you with a giant spiked club!!
* * * LOW HITPOINT WARNING * * *
You feel a strong urge to attack something.
You feel your anger subside.
You are no longer berserk.
You are exhausted.
You feel yourself slow down.
Items here: ))))) [[ The two-headed ogre closely misses you. x2
The two-headed ogre hits you with a giant club!!
You die...

...≈≈≈≈≈≈........#
(..≈≈≈≈≈≈........#
..≈≈≈≈P)≈≈.#####.#
.P≈≈≈≈≈....#####.#
≈≈≈≈≈≈...........#
≈≈≈≈≈≈≈.......[..#
≈≈≈≈≈.≈.########.#
≈≈≈≈≈≈..# #O#
≈≈.≈....# #@#
≈≈...............#
≈≈..............(#
.....###########.#
..### #.# #.# #.#
#.#


You could see a two-headed ogre.

Vanquished Creatures
  3 two-headed ogres
  The ghost of Narsil the Martial Artist, a novice OpTm (D:8)
  A spiny frog (Lair:1)
  Sigmund (D:4)
  A wyvern (D:8)
  A water moccasin (Lair:1)
  A porcupine (Lair:1)
  3 sky beasts
  An orc warrior (D:9)
  An eye of draining (D:8)
  3 ogres
  2 phantoms
  2 centaurs
  A crocodile (Lair:1)
  A big kobold (D:8)
  2 bullfrogs
  A wyvern zombie (D:8)
  A scorpion (D:4)
  A howler monkey (D:6)
  5 wights
  2 crimson imps (D:8)
  A centaur zombie (D:8)
  A quasit (D:7)
  2 bullfrog skeletons
  A bullfrog zombie (D:7)
  2 orc wizards (D:6)
  4 hounds
  2 centaur skeletons
  An iguana (D:7)
  2 worker ants
  A hound zombie (D:8)
  A hound skeleton (D:6)
  A howler monkey zombie (D:8)
  3 adders
  3 shadow imps
  A worm (D:6)
  3 dart slugs
  3 leopard geckos
  7 orcs
  3 ball pythons (D:2)
  7 bats
  5 giant cockroaches
  4 goblins
  5 hobgoblins
  6 jackals
  12 kobolds
  A quokka (D:8)
  2 frilled lizards (D:2)
  A leopard gecko zombie (D:6)
  3 quokka skeletons
  A quokka zombie (D:7)
  6 rats
130 creatures vanquished.

Vanquished Creatures (others)
  3 fungi (D:8)
  8 plants
11 creatures vanquished.

Grand Total: 141 creatures vanquished

Notes
Turn   | Place    | Note
-------+----------+-------------------------------------------
     0 | D:1      | drt the Troll Fighter began the quest for the Orb.
     0 | D:1      | Reached XP level 1. HP: 22/22 MP: 0/0
   158 | D:1      | Reached XP level 2. HP: 27/29 MP: 1/1
   801 | D:2      | Reached XP level 3. HP: 35/36 MP: 2/2
   829 | D:2      | Lost intelligence.
  1315 | D:3      | Found an iron altar of Okawaru.
  1322 | D:3      | Reached XP level 4. HP: 43/44 MP: 3/3
  1344 | D:3      | Found an ancient bone altar of Kikubaaqudgha.
  1509 | D:4      | Noticed an ogre
  1516 | D:4      | Killed an ogre
  1516 | D:4      | Reached XP level 5. HP: 53/53 MP: 4/4
  1605 | D:4      | Noticed Sigmund
  1618 | D:4      | Killed Sigmund
  1618 | D:4      | Reached XP level 6. HP: 31/61 MP: 5/5
  1642 | D:4      | Found a shattered altar of Ashenzari.
  1647 | D:4      | Saw a vision of the Shoals and the Spider Nest.
  1647 | D:4      | Noticed a hippogriff
  1647 | D:4      | Noticed a merfolk
  1647 | D:4      | Noticed a redback
  1647 | D:4      | Noticed a hornet
  1649 | D:4      | Noticed a merfolk
  1650 | D:4      | Noticed a wolf spider
  1656 | D:4      | Noticed a redback
  1658 | D:4      | Noticed a wolf spider
  1782 | D:4      | You fall through a shaft for 3 floors!
  2089 | D:7      | Reached skill level 1 in Throwing
  2097 | D:7      | Found a staircase to the Ecumenical Temple.
  2139 | Temple   | Entered the Ecumenical Temple
  2256 | Temple   | Became a worshipper of Trog the Wrathful
  2310 | D:7      | Reached XP level 7. HP: 67/67 MP: 6/6
  2357 | D:7      | Noticed a blizzard demon
  2358 | D:7      | Found a burning altar of Makhleb.
  2363 | D:7      | Found a glowing silver altar of Zin.
  2364 | D:7      | Noticed an angel
  2728 | D:8      | Gained mutation: You are dopey. (Int -2) [mutagenic meat]
  3096 | D:8      | Reached skill level 5 in Maces & Flails
  3208 | D:8      | Lost mutation: You are dopey. (Int -2) [potion of mutation]
  3208 | D:8      | Gained mutation: You are partially covered in icy blue scales. (AC +2) [potion of mutation]
  3208 | D:8      | Gained mutation: Your mind is acute. (Int +2) [potion of mutation]
  3228 | D:8      | Reached XP level 8. HP: 46/78 MP: 7/7
  3560 | D:8      | Lost mutation: Your mind is acute. (Int +2) [potion of mutation]
  3560 | D:8      | Lost mutation: You are partially covered in icy blue scales. (AC +2) [potion of mutation]
  3560 | D:8      | Gained mutation: Your flesh is heat resistant. (rF+) [potion of mutation]
  3560 | D:8      | Gained mutation: You evolve. [potion of mutation]
  3611 | D:8      | Noticed a two-headed ogre
  3844 | D:6      | Found Tedau's Food Shoppe.
  3850 | D:6      | Reached * piety under Trog
  4475 | D:6      | Found Seprug's Book Shoppe.
  4649 | D:6      | Got a jewelled ring mail
  4708 | D:6      | Gained mutation: You have a somewhat thin skeletal structure. (Dex +2, Stealth) [evolution]
  5060 | D:8      | Got a brightly glowing triple sword
  5074 | D:8      | Reached skill level 5 in Shields
  5112 | D:7      | Identified the +6 triple sword "Leidwog" {vamp, Str+3 Stlth+} (You found it on level 8 of the Dungeon)
  5195 | D:5      | Entered Level 5 of the Dungeon
  5220 | D:5      | You fall through a shaft for 2 floors!
  5330 | D:8      | Reached skill level 1 in Long Blades
  5330 | D:8      | Reached skill level 5 in Dodging
  5446 | D:8      | Reached skill level 2 in Long Blades
  5446 | D:8      | Reached XP level 9. HP: 35/85 MP: 8/8
  5496 | D:8      | Noticed Narsil's ghost (novice OpTm)
  5506 | D:8      | Killed Narsil's ghost
  5506 | D:8      | Reached skill level 3 in Long Blades
  5714 | D:8      | Found an opulent altar of Gozag.
  5778 | D:8      | Found a staircase to the Lair.
  5788 | Lair:1   | Entered Level 1 of the Lair of Beasts
  5818 | Lair:1   | Identified a scroll of acquirement
  5853 | Lair:1   | Reached skill level 4 in Long Blades
  5990 | Lair:1   | Reached skill level 5 in Fighting
  6102 | Lair:1   | Reached ** piety under Trog
  6107 | Lair:2   | Noticed a polar bear
  6107 | Lair:2   | Noticed a spiny frog
  6122 | Lair:1   | Killed a spiny frog
  6122 | Lair:1   | Reached skill level 5 in Long Blades
  6361 | D:8      | Killed a two-headed ogre
  6486 | D:9      | Reached skill level 6 in Long Blades
  6486 | D:9      | Reached XP level 10. HP: 97/97 MP: 9/9
  6586 | D:9      | Noticed a two-headed ogre
  6587 | D:9      | Noticed a two-headed ogre
  6628 | D:9      | Killed a two-headed ogre
  6637 | D:9      | Killed a two-headed ogre
  6637 | D:9      | Reached skill level 7 in Long Blades
  6785 | D:9      | Noticed a two-headed ogre
  6818 | D:9      | Slain by a two-headed ogre

Skill      XL: |  1  2  3  4  5  6  7  8  9 10 |
---------------+-------------------------------+-----
Maces & Flails | 2 3 4 5 6 |  6.1
Shields        | 3 4 5 |  5.0
Dodging        | 3 4 5 6 |  6.0
Fighting       | 3 4 5 6 |  6.2
Throwing       | 1 |  1.6
Long Blades    | 2 6 7 |  7.2
Stealth        | |  0.5

Action                   |  1- 3 |  4- 6 |  7- 9 | 10-12 || total
-------------------------+-------+-------+-------+-------++-------
Melee: Flail             |   150 |    55 |   227 |       ||   432
       Triple sword      |       |       |    71 |    23 ||    94
Throw: Javelin           |     3 |    11 |     6 |     3 ||    23
       Stone             |       |     3 |    29 |     1 ||    33
Invok: Burn Spellbooks   |       |     1 |       |       ||     1
       Berserk           |       |       |       |     2 ||     2
  Use: Scroll            |     9 |     5 |    13 |       ||    27
       Potion            |     2 |     2 |     6 |     2 ||    12
 Stab: Sleeping          |       |       |     1 |       ||     1
  Eat: Chunk             |    18 |     8 |    29 |     5 ||    60
       Bread ration      |       |       |     3 |       ||     3
       Meat ration       |       |       |     1 |       ||     1
Armor: Robe              |    91 |    26 |    67 |     3 ||   187
Dodge: Dodged            |    81 |    18 |   116 |    35 ||   250
Block: Shield            |    90 |    48 |   140 |       ||   278
       Rpst.: Triple sword |       |       |    14 |     5 ||    19
